AoeStats
← Křovák

Runestones

507078434Analyzed
1v1 RM · 17d ago on Sep 16, 2026· 33m 55s· 2 players
Game mode
Random Map
Map size
Tiny (2 player)
Population
200
Speed
Normal
Resources
Standard
Victory
Conquest
Starting age
Dark Age
Ending age
Imperial Age
RankedLock teamsTeams togetherTeam positionsShared explorationLock speedFull tech treeHidden civsTurbo modeCheats
Victory
Defeat
🇨🇿 Malians · Czechia
802
+17
🇲🇽 Portuguese · Mexico
820
-17
Křovák
7:21 Loom
10:52 Feudal Age
11:33 Double-Bit Axe
11:48 Horse Collar
22:12 Castle Age
21:54 Forging
21:50 Scale Barding Armor
23:03 Heavy Plow
23:15 Bow Saw
Tezcatlipoca
3:07 Loom
10:57 Feudal Age
11:35 Double-Bit Axe
20:13 Castle Age
20:34 Stone Mining
20:45 Fletching
21:09 Pikeman
26:44 Bodkin Arrow
32:05 Ballistics
Connection lost

Rejoining the realm…

Still unreachable

The connection could not be restored.

Session expired

The server has moved on; the page needs a fresh start.